 Dungeon Crawl Stone Soup version 0.30-a0-596-g0af90f9a20 (webtiles) character file.

Game seed: 1061286105200298500

96891 Newt the Basher (level 15, -22/115 HPs)
             Began as a Demonspawn Gladiator on Jan 6, 2023.
             Was the Champion of Qazlal.
             Annihilated by Aizul (26 damage)
             ... on level 1 of the Spider Nest.
             The game lasted 00:30:31 (19718 turns).

Newt the Basher (Demonspawn Gladiator)             Turns: 19718, Time: 00:30:32

Health: -22/115    AC: 13    Str: 22    XL:     15   Next: 70%
Magic:  0/27       EV:  2    Int: 13    God:    Qazlal [******]
Gold:   1936       SH:  0    Dex: 25    Spells: 30/30 levels left

rFire   . . .      SeeInvis .    U - +9 demon whip (venom)
rCold   + . .      Faith    .    T - +2 tower shield {reflect}
rNeg    . . .      Spirit   +    s - +0 leather armour "Zejabub" {Regen+ Int-4 Dex+3}
rPois   .          Reflect  +    y - +0 hat of Rotation {Contam Dex+6}
rElec   .          Harm     .    Q - +0 cloak
rCorr   .          Rampage  ∞    (no gloves)
Will    +....                    N - +3 pair of seven-league boots {Rampage+∞}
Stlth   +                        V - amulet "Byvey" {Regen+ Str+3}
HPRegen 1.99/turn                u - +6 ring of intelligence
MPRegen 0.40/turn                D - ring of protection from cold

@: lethally poisoned (-22 -> -41), sleeping, repel missiles
A: hooves 2, foul stench 2, magic shield, magic regeneration, sharp scales 3,
bedeviling, horns 1, noise suppression
a: Renounce Religion, Upheaval, Elemental Force, Disaster Area


You were on level 1 of the Spider Nest.
You worshipped Qazlal.
Qazlal was exalted by your worship.
You visited 4 branches of the dungeon, and saw 20 of its levels.

You collected 2483 gold pieces.
You spent 547 gold pieces at shops.

Inventory:

Hand Weapons
 U - a +9 demon whip of venom (weapon)
Missiles
 b - 2 throwing nets
 g - 45 poisoned darts (quivered)
 h - 19 boomerangs
 r - 7 javelins
Armour
 c - a +0 helmet
 s - the +0 leather armour "Zejabub" (worn) {Regen+ Int-4 Dex+3}
   (You took it off a hobgoblin on level 3 of the Dungeon)

   Int:       It affects your intelligence (-4).
   Dex:       It affects your dexterity (+3).
   Regen:     It increases your rate of health regeneration.
 y - the +0 hat of Rotation (worn) {Contam Dex+6}
   (You found it on level 9 of the Dungeon)

   Dex:       It affects your dexterity (+6).
   Contam:    It causes magical contamination when unequipped.
 K - +0 fire dragon scales
 N - the +3 pair of seven-league boots (worn) {Rampage+∞}
   (You acquired it on level 9 of the Dungeon)

   Its wearer moves as far as possible in that direction when moving towards
   enemies.
 Q - a +0 cloak (worn)
 T - a +2 tower shield of reflection (worn)
Jewellery
 n - an amulet of faith
 o - a +5 ring of evasion
 u - a +6 ring of intelligence (left hand)
 D - a ring of protection from cold (right hand)
 E - a ring of protection from cold
 L - a ring of protection from fire
 S - a ring of protection from cold
 V - the amulet "Byvey" (around neck) {Regen+ Str+3}
   (You acquired it on level 9 of the Dungeon)

   [amulet of regeneration]

   Str:       It affects your strength (+3).
   Regen:     It increases your rate of health regeneration.
Wands
 t - a wand of polymorph (17)
 G - a wand of mindburst (16)
 H - a wand of flame (12)
 J - a wand of light (18)
 M - a wand of digging (4)
 P - a wand of charming (21)
 Y - a wand of roots (5)
Scrolls
 a - a scroll of fog
 e - 3 scrolls of enchant armour
 k - 10 scrolls of teleportation
 v - 2 scrolls of silence
 w - 3 scrolls of fear
 x - 3 scrolls of magic mapping
 B - 11 scrolls of identify
 C - a scroll of amnesia
 F - a scroll of poison {unknown}
 X - 2 scrolls of blinking
Potions
 d - 2 potions of berserk rage
 f - 2 potions of heal wounds
 i - 7 potions of flight
 j - 5 potions of might
 l - a potion of resistance
 m - 2 potions of invisibility
 p - 6 potions of curing
 z - 2 potions of haste
 A - 4 potions of brilliance
 O - 4 potions of magic
 W - a potion of lignification
 Z - 4 potions of cancellation
Miscellaneous
 q - a tin of tremorstones (2/2)


   Skills:
 - Level 10.0 Fighting
 - Level 6.0 Short Blades
 - Level 5.8(10.5) Axes
 - Level 13.5(14.0) Maces & Flails
 - Level 1.7 Throwing
 - Level 9.0 Armour
 - Level 4.0 Dodging
 - Level 8.0 Stealth
 - Level 7.0 Shields
 - Level 8.0 Spellcasting
 + Level 6.1 Hexes
 - Level 10.0 Invocations
 - Level 8.0 Evocations


You had 30 spell levels left.
You didn't know any spells.
Your spell library contained the following spells:

 Spells                   Type           Power      Damage    Failure   Level
 Slow                     Hex            100%       N/A       11%         1
 Confusing Touch          Hex            31%        N/A       32%         3
 Summon Guardian Golem    Hex/Summ       19%        N/A       75%         3
 Necrotise                Necr           20%        1d5       80%         1
 Sandblast                Erth           10%        2d5       80%         1
 Summon Small Mammal      Summ           20%        N/A       80%         1
 Blink                    Tloc           10%        N/A       90%         2
 Cigotuvi's Dreadful Rot  Necr/Pois/Air  10%        N/A       90%         2
 Passwall                 Tmut/Erth      4%         N/A       90%         2
 Call Canine Familiar     Summ           5%         N/A       99%         3
 Ignite Poison            Fire/Tmut/Pois 5%         N/A       99%         3
 Ozocubu's Armour         Ice            5%         N/A       99%         3
 Stone Arrow              Conj/Erth      10%        3d7       99%         3
 Vampiric Draining        Necr           5%         2d6       99%         3
 Animate Dead             Necr           5%         N/A       100%        4
 Dispel Undead            Necr           5%         3d7       100%        4
 Manifold Assault         Tloc           5%         N/A       100%        4
 Petrify                  Tmut/Erth      5%         N/A       100%        4
 Sticky Flame             Conj/Fire      5%         2d3       100%        4
 Metabolic Englaciation   Hex/Ice        9%         N/A       100%        5
 Death Channel            Necr           2%         N/A       100%        6
 Simulacrum               Ice/Necr       2%         N/A       100%        6
 Statue Form              Tmut/Erth      3%         N/A       100%        6
 Storm Form               Tmut/Air       2%         N/A       100%        7
 Ignition                 Fire           2%         3d3       100%        8


Dungeon Overview and Level Annotations

Branches:
Dungeon (11/15)            Temple (0/1) D:5            Lair (5/5) D:9
  Swamp (0/4) Lair:2       Spider (2/4) Lair:3        Slime (0/5) Lair:5
    Orc (2/2) D:10            Elf (0/3) Orc:2

Altars:
Fedhas
Gozag
Makhleb
Qazlal
Ru
Vehumet
Wu Jian
Jiyva

Shops:
D:4 *   D:5 [*?[   Orc:2 ?:=*

Annotations:
D:6 1 runed translucent door
Spider:1 Aizul


Innate Abilities, Weirdness & Mutations

You have hoof-like feet.
You sometimes emit foul miasma when damaged in melee.
When hurt, damage is shared between your health and your magic reserves.
You regenerate magic rapidly.
You are completely covered in razor-sharp scales. (AC +3, Slay +3)
Your hexes are more powerful.
You have a pair of small horns on your head.
You passively dampen the noise of your surroundings.


Message History

You feel sick.
Aizul coils herself and waves her upper body at you.
The bolt of poison hits you!!
You are more poisoned.
You block Aizul's attack.
You miss Aizul. Your headbutt misses Aizul.
Aizul is moderately wounded.
You feel very sick. You block Aizul's attack.
You thrash Aizul!!
Aizul is heavily wounded.
You feel very sick.
Aizul coils herself and waves her upper body at you.
The bolt of poison hits you!!
You are more poisoned.
You hit Aizul.
Aizul is heavily wounded.
You feel extremely sick. You block Aizul's attack.
You hit Aizul.
Aizul is poisoned.
Aizul is heavily wounded.
You feel very sick. You block Aizul's attack.
Aiming: Bolt of Light
Press: ? - help, Shift-Dir - straight line, f - Aizul
Aim: Aizul (heavily wounded, very poisoned, 48% to hit)
The bolt of light hits Aizul!
Aizul is severely wounded.
Aizul is blinded.
You feel very sick. Aizul casts a spell at you. The poison arrow hits you!!
You are more poisoned.
* * * LOW HITPOINT WARNING * * *
Aizul casts a spell at you.
You fall asleep.
* * * LOW HITPOINT WARNING * * *
You feel extremely sick.
Aizul is engulfed in freezing vapours.
Aizul hits you!!
You die...

########## ###########
##......).####.§.°..^...
#.........##....@°......
#....###.......##S°.....
...### ##......# .......
..## ##.....# .......
.## ##.....# ..##... ##
#......# .## #. ##....##
## ##^.## ####


You could see Aizul (blind, very poisoned).

Vanquished Creatures
  Agnes (Spider:1)
  An emperor scorpion (Spider:2)
  2 spark wasps (Spider:2)
  The ghost of wormed the Transmogrifier, a journeyman OpTm of Gozag (Lair:4)
  A dire elephant (Lair:5)
  A fire dragon (Lair:4)
  2 entropy weavers
  A catoblepas (Lair:5)
  A radroach (Spider:2)
  4 ogre magi (Orc:2)
  A hydra (Lair:4)
  13 two-headed ogres
  A boulder beetle (Spider:2)
  A death knight (D:10)
  5 death yaks (Lair:5)
  A deep troll shaman (Lair:5)
  The ghost of lotum the Cleaver, a novice GrFi of Makhleb (D:9)
  4 pharaoh ants
  A glowing orange brain (shapeshifter) (D:9)
  4 bog bodies (Lair:2)
  3 steelbarb worms
  2 orc knights
  2 deep elf pyromancers (D:10)
  5 wolf spiders
  A moth of wrath (Spider:1)
  2 orc sorcerers
  7 ugly things
  A cyclops (Orc:2)
  6 black mambas
  10 elephants
  3 demonic crawlers
  10 komodo dragons
  14 cane toads
  4 torpor snails
  12 rime drakes
  4 trolls
  4 polar bears
  13 tarantellas
  14 blink frogs
  Prince Ribbit (D:9)
  7 dream sheep (Lair:5)
  24 jumping spiders
  12 culicivoras
  5 wyverns
  Eustachio (D:6)
  A basilisk (shapeshifter) (D:9)
  4 basilisks
  39 yaks
  7 steam dragons
  3 neqoxecs (D:9)
  A vampire mosquito (D:6)
  29 redbacks
  Menkaure (D:7)
  A warg (Orc:2)
  2 acid dragons (D:10)
  A swamp worm (Lair:2)
  Duvessa (D:6)
  15 water moccasins
  21 orc warriors
  3 black bears
  A black bear (shapeshifter) (D:9)
  17 ogres
  29 wolves
  2 centaurs
  2 kobold brigands (D:8)
  12 bullfrogs
  3 necrophages
  A bullfrog (shapeshifter) (D:9)
  6 scorpions
  4 wights
  Dowan (D:6)
  10 killer bees
  5 howler monkeys
  9 electric eels
  A jelly (D:6)
  17 orc priests
  A gnoll bouda (D:4)
  9 hounds
  3 iguanas
  23 orc wizards
  13 gnolls
  5 adders
  A shadow imp (D:6)
  An ufetubus (D:7)
  5 worms
  2 dart slugs
  89 orcs
  2 bats
  7 endoplasms
  21 giant cockroaches
  5 goblins
  5 hobgoblins
  4 quokkas
  9 ball pythons
  2 frilled lizards
  20 kobolds
  6 rats
  3 butterflies (D:6)
699 creatures vanquished.

Vanquished Creatures (collateral kills)
  3 two-headed ogres (Orc:2)
  3 steam dragons (Lair:4)
  8 ogres (Orc:2)
14 creatures vanquished.

Vanquished Creatures (others)
  A death yak (Lair:5)
  A rime drake (Lair:4)
  An orc (D:10)
  15 fungi
  33 plants
51 creatures vanquished.

Grand Total: 764 creatures vanquished

Notes
Turn   | Place    | Note
-------+----------+-------------------------------------------
     0 | D:1      | Newt the Demonspawn Gladiator began the quest for the Orb.
     0 | D:1      | Reached XP level 1. HP: 16/16 MP: 1/1
    47 | D:1      | Reached skill level 1 in Stealth
   222 | D:1      | Gained mutation: You have large cloven feet. [demonic
                  | ancestry]
   222 | D:1      | Reached XP level 2. HP: 22/22 MP: 2/2
  1544 | D:2      | Gained mutation: You regenerate magic rapidly. [demonic
                  | ancestry]
  1544 | D:2      | Reached XP level 3. HP: 25/28 MP: 3/3
  2303 | D:3      | Gained mutation: You are partially covered in razor-sharp
                  | scales. (AC +1, Slay +1) [demonic ancestry]
  2303 | D:3      | Reached XP level 4. HP: 26/37 MP: 4/4
  2570 | D:3      | Identified the +0 leather armour "Zejabub" {Regen+ Int-4
                  | Dex+3}
  3475 | D:4      | Gained mutation: You have hoof-like feet. [demonic
                  | ancestry]
  3475 | D:4      | Reached XP level 5. HP: 35/42 MP: 5/5
  3545 | D:4      | Found a stormy altar of Qazlal.
  3552 | D:4      | Reached skill level 1 in Maces & Flails
  3559 | D:4      | Found a blossoming altar of Fedhas.
  3588 | D:4      | Became a worshipper of Qazlal Stormbringer
  3619 | D:4      | Identified the +9 dagger of Green Judgement {venom, Str+3}
  3709 | D:4      | Found Kodipo's Assorted Antiques.
  3768 | D:4      | Gained mutation: You are mostly covered in razor-sharp
                  | scales. (AC +2, Slay +2) [demonic ancestry]
  3768 | D:4      | Reached XP level 6. HP: 46/48 MP: 6/6
  3774 | D:4      | Bought 2 fuming purple potions for 50 gold pieces
  3774 | D:4      | Bought a scroll of identify for 56 gold pieces
  3774 | D:4      | Bought a scroll labelled COUSUN UNOEL for 28 gold pieces
  3774 | D:4      | Bought a scroll labelled EKELIJEKH JECWU for 28 gold pieces
  4520 | D:5      | Entered Level 5 of the Dungeon
  4544 | D:5      | Found a staircase to the Ecumenical Temple.
  4552 | D:5      | Reached skill level 5 in Short Blades
  4563 | D:5      | Reached * piety under Qazlal
  4807 | D:5      | Gained mutation: You are completely covered in razor-sharp
                  | scales. (AC +3, Slay +3) [demonic ancestry]
  4807 | D:5      | Reached XP level 7. HP: 47/54 MP: 7/7
  4924 | D:5      | Found Heoho's Magic Scroll Shoppe.
  4927 | D:5      | Found Juseyr's Armour Shoppe.
  4927 | D:5      | Found Dedghing's Armour Shoppe.
  4930 | D:5      | Found Nul Qousch's General Store.
  4933 | D:5      | Bought a scroll of identify for 28 gold pieces
  4933 | D:5      | Bought a scroll of identify for 28 gold pieces
  5056 | D:5      | Found a sacrificial altar of Ru.
  5070 | D:5      | Found a burning altar of Makhleb.
  5073 | D:5      | Found a radiant altar of Vehumet.
  5390 | D:5      | Gained mutation: You may rarely emit foul miasma when
                  | damaged in melee. [demonic ancestry]
  5390 | D:5      | Reached XP level 8. HP: 60/60 MP: 8/8
  5503 | D:6      | Noticed Dowan
  5504 | D:6      | Noticed Duvessa
  5515 | D:6      | Killed Dowan
  5517 | D:6      | Killed Duvessa
  5518 | D:6      | Reached skill level 5 in Stealth
  5607 | D:6      | Noticed Eustachio
  5626 | D:6      | Killed Eustachio
  5815 | D:6      | Reached skill level 5 in Fighting
  5998 | D:6      | Reached ** piety under Qazlal
  6013 | D:6      | Found a runed translucent door.
  6015 | D:6      | Found a runed translucent door.
  6370 | D:6      | Reached skill level 1 in Evocations
  6391 | D:6      | Reached XP level 9. HP: 58/69 MP: 9/9
  6644 | D:7      | You fall into a shaft and drop 2 floors!
  6688 | D:7      | Reached skill level 5 in Evocations
  6800 | D:7      | Found an ornate altar of the Wu Jian Council.
  6898 | D:7      | Found an opulent altar of Gozag.
  6900 | D:7      | Noticed Menkaure
  6903 | D:7      | Killed Menkaure
  7517 | D:8      | Reached skill level 1 in Axes
  7872 | D:8      | Noticed a white ugly thing
  7883 | D:8      | Killed a white ugly thing
  8215 | D:8      | Reached skill level 5 in Axes
  8215 | D:8      | Reached XP level 10. HP: 57/76 MP: 10/10
  8222 | D:8      | Reached *** piety under Qazlal
  8223 | D:8      | Reached skill level 1 in Armour
  8669 | D:5      | Bought a +2 tower shield of reflection for 259 gold pieces
  8828 | D:9      | Noticed Prince Ribbit
  9173 | D:9      | Found a staircase to the Lair.
  9409 | D:9      | Noticed a two-headed ogre
  9416 | D:9      | Killed a two-headed ogre
  9417 | D:9      | Reached skill level 5 in Armour
  9522 | D:10     | Entered Level 10 of the Dungeon
  9685 | D:9      | Reached **** piety under Qazlal
  9729 | D:9      | Reached skill level 5 in Shields
  9834 | D:9      | Killed Prince Ribbit
  9835 | D:9      | Reached XP level 11. HP: 80/81 MP: 11/11
  9875 | D:9      | Found a runed translucent gate.
  9875 | D:9      | Found a runed translucent gate.
  9875 | D:9      | Found a runed translucent gate.
  9876 | D:9      | Noticed a red ugly thing
  9876 | D:9      | Noticed a green ugly thing
  9876 | D:9      | Noticed a green ugly thing
  9876 | D:9      | Noticed a red ugly thing
 10002 | D:9      | Noticed a cyan ugly thing
 10012 | D:9      | Identified 3 scrolls of acquirement
 10012 | D:9      | Acquired a +5 demon whip of venom
 10015 | D:9      | Acquired the amulet "Byvey" {Regen+ Str+3}
 10018 | D:9      | a yaktaur changed into a harpy
 10018 | D:9      | Noticed a harpy (glowing shapeshifter)
 10020 | D:9      | a harpy changed into a raiju
 10022 | D:9      | Acquired the +3 pair of seven-league boots {Rampage+∞}
 10022 | D:9      | Found the +3 pair of seven-league boots {Rampage+∞}
 10035 | D:9      | Killed a green ugly thing
 10036 | D:9      | Reached skill level 2 in Maces & Flails
 10036 | D:9      | a manticore changed into a death drake
 10036 | D:9      | Noticed a death drake (glowing shapeshifter)
 10040 | D:9      | a death drake changed into a swamp dragon
 10040 | D:9      | Noticed a swamp dragon (glowing shapeshifter)
 10043 | D:9      | Killed a red ugly thing
 10044 | D:9      | Reached skill level 3 in Maces & Flails
 10046 | D:9      | Killed a brown ugly thing
 10047 | D:9      | Reached skill level 4 in Maces & Flails
 10049 | D:9      | a swamp dragon changed into a snapping turtle
 10055 | D:9      | Killed a purple ugly thing
 10057 | D:9      | Killed a purple ugly thing
 10058 | D:9      | Reached skill level 5 in Maces & Flails
 10059 | D:9      | a snapping turtle changed into a glowing orange brain
 10059 | D:9      | Noticed a glowing orange brain (glowing shapeshifter)
 10063 | D:9      | Killed a glowing orange brain
 10066 | D:9      | Found a runed translucent gate.
 10066 | D:9      | Found a runed translucent gate.
 10073 | D:9      | Found a runed translucent gate.
 10073 | D:9      | Noticed lotum's ghost (novice GrFi)
 10077 | D:9      | a blink frog changed into an entropy weaver
 10077 | D:9      | Noticed an entropy weaver (shapeshifter)
 10093 | D:9      | an entropy weaver changed into a harpy
 10093 | D:9      | Noticed a harpy (shapeshifter)
 10137 | D:10     | Noticed a deep elf pyromancer
 10145 | D:10     | Killed a deep elf pyromancer
 10145 | D:10     | Noticed a deep elf pyromancer
 10146 | D:10     | Reached skill level 6 in Maces & Flails
 10149 | D:10     | Noticed a death knight
 10150 | D:10     | Killed a deep elf pyromancer
 10156 | D:10     | Killed a death knight
 10157 | D:10     | Reached skill level 7 in Maces & Flails
 10538 | D:10     | Found a staircase to the Orcish Mines.
 10747 | D:10     | Noticed a brown ugly thing
 10762 | D:10     | Killed a brown ugly thing
 10788 | D:10     | Noticed a two-headed ogre
 10798 | D:10     | Killed a two-headed ogre
 10798 | D:10     | Reached ***** piety under Qazlal
 10799 | D:10     | Reached skill level 8 in Maces & Flails
 11301 | Lair:1   | Entered Level 1 of the Lair of Beasts
 11330 | Lair:1   | Reached skill level 9 in Maces & Flails
 11461 | Lair:1   | Reached skill level 1 in Invocations
 11561 | Lair:1   | Gained mutation: You sometimes emit foul miasma when
                  | damaged in melee. [demonic ancestry]
 11561 | Lair:1   | Reached XP level 12. HP: 88/88 MP: 12/14
 11985 | Lair:1   | Reached skill level 5 in Invocations
 12284 | Lair:2   | Reached skill level 10 in Invocations
 12422 | Lair:2   | Found a staircase to the Swamp.
 13000 | Lair:3   | Found a hole to the Spider Nest.
 13354 | Lair:3   | Reached XP level 13. HP: 93/93 MP: 20/20
 13930 | Lair:4   | Noticed a fire dragon
 13945 | Lair:4   | HP: 3/93 [fire dragon/blast of flame (22)]
 13947 | Lair:4   | Killed a fire dragon
 14453 | Lair:4   | Noticed wormed's ghost (journeyman OpTm)
 14456 | Lair:4   | Found a runed translucent door.
 14471 | Lair:4   | Killed wormed's ghost
 14819 | Lair:5   | Entered Level 5 of the Lair of Beasts
 14961 | Lair:5   | Reached ****** piety under Qazlal
 15044 | Lair:5   | Found a viscous altar of Jiyva.
 15044 | Lair:5   | Found a staircase to the Slime Pits.
 15173 | Lair:4   | Reached skill level 10 in Fighting
 15179 | Lair:4   | Gained mutation: Your hexes are more powerful. [demonic
                  | ancestry]
 15179 | Lair:4   | Reached XP level 14. HP: 71/110 MP: 21/21
 15303 | Lair:5   | Reached skill level 10 in Maces & Flails
 15693 | Lair:5   | Reached skill level 11 in Maces & Flails
 15735 | Lair:5   | Got Kikubaaqudgha's Grimoire of Despicable Words
 15815 | Lair:5   | Identified the +1 robe of Unreason {Str+5 Int+2}
 16195 | D:9      | Gained mutation: Armour fits poorly on your strangely
                  | shaped body. [a neqoxec]
 16195 | D:9      | Gained mutation: You sometimes lose your temper in combat.
                  | [a neqoxec]
 16230 | D:9      | Killed lotum's ghost
 16249 | D:9      | Lost mutation: Armour fits poorly on your strangely shaped
                  | body. [potion of mutation]
 16249 | D:9      | Lost mutation: You sometimes lose your temper in combat.
                  | [potion of mutation]
 16249 | D:9      | Gained mutation: You have a pair of small antennae on your
                  | head. [potion of mutation]
 16250 | D:9      | Lost mutation: You have a pair of small antennae on your
                  | head. [potion of mutation]
 16250 | D:9      | Gained mutation: You have a pair of small horns on your
                  | head. [potion of mutation]
 16250 | D:9      | Gained mutation: You passively dampen the noise of your
                  | surroundings. [potion of mutation]
 16254 | D:9      | Identified the +0 hat of Rotation {Contam Dex+6}
 16335 | Orc:1    | Entered Level 1 of the Orcish Mines
 16879 | Orc:2    | Entered Level 2 of the Orcish Mines
 16895 | Orc:2    | Reached skill level 12 in Maces & Flails
 17148 | Orc:2    | Found a staircase to the Elven Halls.
 17221 | Orc:2    | Found Maumiul's Jewellery Shop.
 17221 | Orc:2    | Found Ippaa's General Store.
 17224 | Orc:2    | Found Sijism's Magic Scroll Emporium.
 17224 | Orc:2    | Found Mashrusku's Book Shop.
 17229 | Orc:2    | Paralysed by an ogre mage for 4 turns
 17236 | Orc:2    | Reached skill level 13 in Maces & Flails
 17251 | Orc:2    | Reached skill level 1 in Spellcasting
 17257 | Orc:2    | Gained mutation: When hurt, damage is shared between your
                  | health and your magic reserves. [demonic ancestry]
 17257 | Orc:2    | Reached XP level 15. HP: 61/115 MP: 2/22
 17321 | Orc:2    | Bought a potion of heal wounds for 70 gold pieces
 17706 | Spider:1 | Entered Level 1 of the Spider Nest
 17746 | Spider:1 | You fall into a shaft and drop 1 floor!
 17827 | Spider:2 | Reached skill level 5 in Spellcasting
 18001 | Spider:2 | Noticed an emperor scorpion
 18036 | Spider:2 | Killed an emperor scorpion
 19120 | Spider:1 | Reached skill level 1 in Hexes
 19441 | Spider:1 | Reached skill level 5 in Hexes
 19525 | Spider:1 | Noticed Agnes
 19539 | Spider:1 | Killed Agnes
 19708 | Spider:1 | Noticed Aizul
 19718 | Spider:1 | HP: 4/115 [poisoned by Aizul (poison arrow)]
 19718 | Spider:1 | Annihilated by Aizul

Illustrated notes

Levels and vault maps discovered:
D:1:      matt_arrival_refuge, layout_loops_ring
D:2:      layout_loops_corners
D:3:      minmay_roachtagon, layout_rooms, zin_statuary, nicolae_grassy_gnolls
D:4:      layout_layer_cave, grunt_temple_overflow_forces_of_nature,
          nicolae_inconvenience_store, minmay_crossroads
D:5:      layout_rooms, nicolae_overflow_hallway_of_the_gods,
          minmay_temple_entry_ruins, minmay_shop_grid_forest,
          minmay_fractal_squares_gapless_5
D:6:      lemuel_insect_pit, layout_gridville, uniq_eustachio, uniq_duvessa
D:7:      layout_loops_ring, mainiacjoe_overflow_cross_hatched,
          grunt_gozag_statues, lemuel_flame_loot_1, uniq_menkaure
D:8:      layout_basic
D:9:      layout_roguey [special_room_orc], erik_lair_island,
          ploomutoo_gammafunk_ghost_potion_laboratory, uniq_prince_ribbit1
D:10:     layout_basic, erik_orc_3, minivault_20
D:11:     layout_loops_corners
Lair:1:   layout_regular_city, pdpol_lair_neglected_garden, serial_bayou_shore_b
Lair:2:   layout_chaotic_city, nicolae_swamp_entry_splash_gauntlet,
          minivault_19, chequers_serial_rivers_micro_a, grunt_megastairs_2
Lair:3:   layout_hall_layers, spider_nest_entry_a, gammafunk_lair_bear_cave,
          serial_bayou_shore_a
Lair:4:   layout_loops_ring, ebering_ghost_inner_flame, bobbens_dragon_lair_wall
Lair:5:   grunt_lair_end_beastmaster, layout_cave_pods, slime_entry_1,
          grunt_megastairs_5, infiniplex_staircase_pool_2, lemuel_fruit_tree
Spider:1: layout_spider_delve, uniq_mlioglotl, uniq_agnes, uniq_aizul
Spider:2: layout_spider_delve, nicolae_spider_claw_tunnel
Orc:1:    layout_caves, basic_altar
Orc:2:    st_orc_ogre_mass, layout_diamond_mine, basic_altar

Skill      XL: |  1  2  3  4  5  6  7  8  9 10 11 12 13 14 15 |
---------------+----------------------------------------------+-----
Stealth        | 1 2 4 6 8 |  8.0
Fighting       | 3 4 6 10 | 10.0
Short Blades   | 3 4 6 |  6.0
Maces & Flails | 1 9 13 | 13.5
Dodging        | 4 |  4.0
Evocations     | 4 5 8 |  8.0
Axes           | 5 |  5.8
Armour         | 5 7 9 |  9.0
Shields        | 5 7 |  7.0
Invocations    | 2 10 | 10.0
Spellcasting   | 3 8 |  8.0
Hexes          | 6 |  6.1
Throwing       | |  1.7

Action                   |  1- 3 |  4- 6 |  7- 9 | 10-12 | 13-15 || total
-------------------------+-------+-------+-------+-------+-------++-------
Melee: Rapier            |   119 |    66 |       |       |       ||   185
       Kick              |    19 |    40 |    63 |    30 |       ||   152
       Punch             |     1 |     2 |     1 |       |       ||     4
       Whip              |       |    53 |       |       |       ||    53
       Dagger            |       |    56 |   154 |       |       ||   210
       Hand axe          |       |       |    62 |   138 |       ||   200
       Demon whip        |       |       |       |   379 |   851 ||  1230
       Headbutt          |       |       |       |       |   118 ||   118
Throw: Throwing net      |     3 |       |       |       |       ||     3
       Boomerang         |       |     2 |       |       |       ||     2
       Javelin           |       |     1 |       |     3 |       ||     4
       Dart              |       |     1 |       |       |       ||     1
Invok: Elemental Force   |       |       |       |       |     2 ||     2
       Disaster Area     |       |       |       |       |     4 ||     4
       Upheaval          |       |       |       |       |     1 ||     1
Evoke: Wand              |       |       |     3 |     4 |     6 ||    13
  Use: Scroll            |     4 |    10 |     8 |     9 |     2 ||    33
       Potion            |       |     2 |     1 |     5 |     5 ||    13
 Stab: Held in net/web   |     1 |       |       |       |       ||     1
       Sleeping          |     1 |       |       |       |       ||     1
       Distracted        |       |     1 |       |       |       ||     1
       Invisible         |       |       |     2 |     4 |     1 ||     7
       Petrified         |       |       |       |       |     6 ||     6
Armor: Leather armour    |    24 |    98 |    37 |   118 |   256 ||   533
Dodge: Dodged            |    83 |   171 |   117 |   141 |   214 ||   726
       Repelled          |       |       |       |     4 |     6 ||    10
Block: Other             |       |       |    17 |       |       ||    17
       Tower shield      |       |       |       |   618 |  1069 ||  1687
       Reflection        |       |       |       |     2 |     8 ||    10

Table legend: (Time is in decaauts)
 A = Elapsed time spent in this place.
 B = Non-inter-level travel time spent in this place.
 C = Inter-level travel time spent in this place.
 D = Time resting spent in this place.
 E = Time spent auto-exploring this place.
 F = Levels seen in this place.
 G = Mean time per level.
                   A        B        C        D        E       F      G
               +--------+--------+--------+--------+--------+-----+--------+
         Total |  19713 |  18480 |   1233 |   4083 |  10861 |  20 |  985.7 |
       Dungeon |  11565 |  10749 |    816 |   2943 |   5910 |  11 | 1051.4 |
          Lair |   5010 |   4684 |    326 |    320 |   3357 |   5 | 1002.0 |
   Spider Nest |   1969 |   1940 |     29 |    564 |    904 |   2 |  984.5 |
  Orcish Mines |   1167 |   1106 |     61 |    256 |    689 |   2 |  583.5 |
               +--------+--------+--------+--------+--------+-----+--------+

Top non-repeatable levels by time:
     D:8: 1545 daAuts
     D:2: 1425 daAuts
    D:10: 1343 daAuts
Spider:2: 1293 daAuts
     D:4: 1281 daAuts
     D:3: 1255 daAuts
     D:9: 1216 daAuts
  Lair:4: 1184 daAuts
  Lair:5: 1168 daAuts
  Lair:3: 1058 daAuts
     D:6: 964 daAuts
     D:7: 951 daAuts
  Lair:2: 803 daAuts
  Lair:1: 795 daAuts
     D:5: 790 daAuts
